Map: Frostline LE

Players

HeroMarine - Winner!

  • Race: Terran Terran
  • Spawn Location: 1:00

gumiho

  • Race: Terran Terran
  • Spawn Location: 7:00

Event: HomeStory Cup XXVI

VOD

Have the link to the VOD?

Description

Time

  • Played on: Dec. 1, 2024, 7:37 a.m.
  • Length: 6:07

All games in this series

Show
View Real Time Build Order
Export as new Build Order

HeroMarine Terran - Winner!

Build Orders:  

Get SALT Encoding   

  12  0:00  SCV  
  13  0:12  SCV  
  14  0:17  Supply Depot  
  14  0:24  SCV  
  15  0:38  SCV  
  15  0:40  Barracks  
  15  0:42  Refinery  
  16  0:50  SCV  
  16  0:53  Refinery  
  17  1:02  SCV  
  18  1:14  SCV  
  19  1:27  Orbital Command, Reaper  
  20  1:40  Factory  
  20  1:46  Supply Depot  
  20  1:52  SCV  
  21  1:59  Reaper  
  22  2:04  SCV  
  23  2:16  SCV  
  23  2:18  Command Center  
  24  2:23  Hellion  
  24  2:28  SCV  
  27  2:34  Starport  
  27  2:36  Barracks Reactor  
  27  2:41  SCV  
  28  2:45  Supply Depot  
  28  2:47  Factory Tech Lab  
  28  2:53  SCV  
  29  3:05  SCV  
  30  3:07  Cyclone  
  30  3:12  Marine x2  
  35  3:17  SCV, Medivac  
  38  3:29  SCV, Marine x2  
  38  3:31  Orbital Command  
  44  3:41  SCV  
  44  3:46  Siege Tank  
  44  3:47  Marine x2  
  47  3:48  Refinery  
  47  3:53  SCV  
  47  3:54  Supply Depot  
  48  4:00  SCV  
  49  4:03  Liberator  
  49  4:05  SCV  
  49  4:06  Marine  
  54  4:12  Supply Depot  
  54  4:15  SCV, Marine  
  56  4:17  SCV  
  53  4:26  Marine  
  53  4:28  SCV  
  53  4:29  Siege Tank, SCV  
  57  4:33  Marine  
  58  4:40  SCV  
  58  4:42  SCV  
  54  4:46  Supply Depot  
  54  4:52  SCV  
  54  4:54  SCV  
  54  4:57  Marine, Viking x2  
  60  5:01  Siege Tank  
  60  5:04  SCV  
  60  5:06  Supply Depot, SCV  
  65  5:16  SCV  
  65  5:18  SCV  
  65  5:20  Command Center  
  67  5:28  SCV  
  66  5:30  SCV  
  66  5:32  Viking  
  66  5:33  Siege Tank, Viking  
  74  5:36  Barracks Tech Lab  
  74  5:38  Refinery  
  74  5:40  SCV  
  74  5:42  SCV  
  76  5:47  Bunker  
  76  5:52  SCV  
  76  5:54  SCV  
Show
View Real Time Build Order
Export as new Build Order

gumiho Terran 

Build Orders: Gas First Reaper Expand, Hellion Opening 

Get SALT Encoding   

  12  0:00  SCV  
  13  0:12  SCV  
  14  0:17  Supply Depot  
  14  0:24  SCV  
  14  0:27  Refinery  
  15  0:39  SCV  
  16  0:44  Barracks  
  16  0:51  SCV  
  17  1:03  SCV  
  18  1:15  SCV  
  19  1:31  Orbital Command, Reaper  
  20  1:41  Command Center  
  20  1:51  Factory  
  20  1:56  SCV  
  20  2:00  Refinery  
  21  2:05  Barracks Reactor  
  21  2:08  SCV  
  21  2:12  Supply Depot  
  22  2:20  SCV  
  23  2:34  SCV  
  24  2:37  Starport  
  24  2:45  Hellion x2  
  24  2:46  SCV  
  29  2:52  Orbital Command  
  29  2:55  Barracks Tech Lab  
  30  2:58  SCV  
  30  3:07  Hellion  
  30  3:09  Hellion  
  30  3:11  SCV  
  35  3:18  SCV  
  38  3:20  Raven  
  38  3:22  Supply Depot  
  38  3:25  SCV  
  39  3:30  Hellion  
  39  3:33  Hellion  
  43  3:35  SCV  
  43  3:37  SCV  
  45  3:45  Barracks Tech Lab  
  45  3:47  SCV  
  46  3:49  SCV  
  46  3:50  Supply Depot  
  46  3:53  Hellion  
  46  3:54  Raven  
  51  3:56  Hellion  
  51  4:00  SCV  
  54  4:08  Supply Depot  
  54  4:12  SCV x2  
  54  4:14  Supply Depot  
  49  4:24  SCV  
  49  4:25  Hellion x2  
  49  4:26  SCV  
  49  4:29  Raven  
  51  4:36  SCV  
  53  4:38  SCV  
  51  4:48  SCV  
  51  4:51  Barracks  
  52  4:52  Barracks  
  52  4:54  SCV  
  52  4:55  Command Center  
  52  4:57  Factory Reactor  
  52  4:58  Marine  
  54  5:03  SCV  
  54  5:04  Engineering Bay  
  55  5:08  SCV  
  55  5:12  Refinery  
  55  5:13  Starport Reactor  
  56  5:15  SCV, Marine  
  56  5:20  SCV  
  59  5:23  Barracks  
  59  5:25  Barracks  
  57  5:33  Marine  
  57  5:34  SCV x2  
  60  5:46  SCV x2  
  60  5:47  Marine x2  
Tags
 
Add a new tag
Caveats
  • Supply blocks, unpowered buildings, or Contaminate may cause inaccurate times.
  • Supply counts are checked every 10 seconds.